 Dungeon Crawl Stone Soup version 0.24-a0-275-g6f7e2cb (webtiles) character file.

Game seed: 16404145518389328940

11900 tilp the Severer (level 11, -1/86 HPs)
             Began as a Demonspawn Chaos Knight on Apr 27, 2019.
             Was a Plaything of Xom.
             Killed from afar by an ice statue (8 damage)
             ... with a bolt of cold
             ... in an ice cave on Apr 28, 2019.
             The game lasted 00:36:17 (10467 turns).

tilp the Severer (Demonspawn Chaos Knight)         Turns: 10467, Time: 00:36:19

Health: -1/86      AC: 16    Str: 16    XL:     11   Next: 55%
Magic:  11/11      EV:  7    Int: 15    God:    Xom [..*...]
Gold:   275        SH:  0    Dex: 15    Spells: 10/10 levels left

rFire    . . .     SeeInvis .   b - +0 war axe
rCold    + . .     Gourm    .   (no shield)
rNeg     + . .     Faith    .   J - +2 chain mail {rC+}
rPois    .         Spirit   .   (helmet unavailable)
rElec    .         Reflect  .   E - +2 cloak
rCorr    +         Harm     .   (no gloves)
MR       .....     Rnd*Rage +   (no boots)
Stlth    ..........             (no amulet)
HPRegen  0.24/turn              x - ring of positive energy
MPRegen  0.12/turn              Q - ring of resist corrosion

@: no status effects
A: fangs 1, hooves 1, horns 3, slimy green scales 1, agile 1, berserk 1, blink,
blurry vision 1, clever 1, demonic guardian 1, mutation resistance 2,
nightstalker 2, screaming 1, shaggy fur 1, MP-powered wands
a: Blink, Renounce Religion


You were in an ice cave.
You worshipped Xom.
You were a toy of Xom.
You were hungry.

You visited 1 branch of the dungeon, and saw 11 of its levels.
You also visited: Ice Cave.

You collected 427 gold pieces.
You spent 152 gold pieces at shops.

Inventory:

Hand Weapons
 a - a +0 hand axe of chaos
 b - a +0 war axe (weapon)
 f - a +2 vampiric short sword
 C - a +2 whip of flaming
Missiles
 g - 310 stones (quivered)
 m - 39 sling bullets
 A - 19 tomahawks
Armour
 t - a +0 plate armour
 w - a +1 large shield
 E - a +2 cloak (worn)
 I - a +3 ring mail
 J - a +2 chain mail of cold resistance (worn)
 R - a +0 ring mail of positive energy
Jewellery
 j - an uncursed amulet of faith
 x - a ring of positive energy (left hand)
 Q - a ring of resist corrosion (right hand)
Wands
 B - a wand of polymorph (10)
 L - a wand of digging (4)
 M - a wand of disintegration (2)
 U - a wand of acid (9)
Scrolls
 d - 2 scrolls of enchant armour
 h - 5 scrolls of remove curse
 k - 9 scrolls of teleportation
 l - a scroll of fog
 n - a scroll of blinking
 r - a scroll of amnesia
Potions
 e - a potion of magic
 i - a potion of agility {unknown}
 o - 3 potions of mutation {unknown}
 p - a potion of brilliance {unknown}
 q - 2 potions of curing
 s - a potion of heal wounds
 u - 2 potions of haste
 z - 2 potions of resistance
 D - 3 potions of berserk rage {unknown}
 F - a potion of ambrosia {unknown}
 N - a potion of lignification {unknown}
 O - a potion of cancellation {unknown}
Miscellaneous
 S - a lightning rod (1/4)
Comestibles
 c - 17 rations


   Skills:
 - Level 8.0 Fighting
 * Level 15.1 Axes
 - Level 1.7 Armour
 - Level 0.8 Dodging


You had 10 spell levels left.
You didn't know any spells.
Your spell library contained the following spells:

 Spells                   Type           Power        Failure   Level  Hunger
 Animate Skeleton         Necr           N/A          99%         1    ##.....
 Apportation              Tloc           #.....       99%         1    ##.....
 Confusing Touch          Hex            #.....       99%         1    ##.....
 Summon Small Mammal      Summ           #...         99%         1    ##.....


Dungeon Overview and Level Annotations

Branches:
Dungeon (11/15)            Temple (0/1) D:4            Lair (0/6) D:8
    Orc: D:9-12

Altars:
Cheibriados
Dithmenos
Elyvilon
Fedhas
Gozag
Ru
Trog
Uskayaw
Xom
Yredelemnul

Shops:
D:6 *   D:7 *   D:8 *

Annotations:
D:3 Grinder, Ijyb
D:8 1 runed translucent door IceCv exclusion: ice statue


Innate Abilities, Weirdness & Mutations

You have a pair of large horns on your head.
You are partially covered in slimy green scales. (AC +2)
A weak demonic guardian rushes to your aid.
You are significantly more attuned to the shadows.
You have very sharp teeth.
You have large cloven feet.
You are agile. (Dex +2)
You tend to lose your temper in combat.
You can translocate small distances at will.
Scrolls take you a little longer to read.
Your mind is acute. (Int +2)
You are somewhat resistant to both further mutation and mutation removal.
You occasionally shout uncontrollably at your foes.
You are covered in fur. (AC +1)
You expend magic power (3 MP) to strengthen your wands.


Message History

Your quasit dies!
You hit the ice statue. You kick the ice statue.
The ice statue is severely damaged.
You are engulfed in freezing vapours.
You resist.
* * * LOW HITPOINT WARNING * * *
The ice statue gestures.
Unknown command.
You are engulfed in freezing vapours.
You resist.
* * * LOW HITPOINT WARNING * * *
You hear Xom's avuncular chuckle.
The ice beast seems to slow down.
The ice beast hits you but does no damage.
The ice statue gestures.
Xom grants you insight.
You feel aware of your surroundings. The ice statue gestures at you.
The bolt of cold hits the ice beast.
The ice beast completely resists.
The bolt of cold hits you! You resist.
You die...
Xom titters!

#......##≈≈ *#,☼○,* *
#..##...## * ☼#☼* *
,*
#...##...###*≈#°###*
,,,*,
##..####...####○°.#**
, ##§○####...##°8°#*
*,*, #☼#.☼###..##Y.°#
≈≈≈* , * ∆
..#.°§§##..###°Y#≈ *
#$#.##☼.##..####Y○#≈
* , , * $
$##.§##.)..#.@.## * *
* ###..####.#....##*
, * *
##.##≈*########, *
,,* * ##..# ≈≈≈≈*
,,,,*,,,, * #...##
**, ** *,, **
##...#≈≈ , * ,, , **
* * #...## * *,,*
,*,**≈≈ * * #...#≈ ,
, * ≈ ≈≈≈* ,, #.∩.#*
,,* ** ≈ ≈ *


You could see an ice statue and 2 ice beasts.

Vanquished Creatures
  2 death yaks (D:8)
  2 two-headed ogres (D:10)
  A shock serpent (shapeshifter) (D:6)
  An unseen horror (D:9)
  Joseph (D:8)
  2 polar bears (IceCv)
  A hippogriff (D:10)
  17 yaks
  A human (D:8)
  A hungry ghost (D:9)
  An orc warrior (D:6)
  2 black bears
  A black bear (shapeshifter) (D:6)
  A necrophage (D:9)
  11 ice beasts
  A sky beast (D:10)
  A boggart (D:6)
  An ogre (D:7)
  A phantom (D:6)
  2 wolves (IceCv)
  4 centaurs
  A crocodile (D:9)
  2 bullfrogs
  4 scorpions
  5 killer bees (D:8)
  3 howler monkeys
  A crimson imp (D:5)
  3 bullfrog zombies
  2 bullfrog skeletons
  A quasit (D:9)
  9 orc priests
  A gnoll shaman (D:10)
  4 hounds
  A jelly (D:5)
  12 orc wizards
  A centaur skeleton (D:8)
  Natasha (twice) (D:2)
  4 worker ants
  11 gnolls
  11 adders
  2 river rats (D:8)
  A shadow imp (D:9)
  2 oozes
  A dart slug (D:4)
  3 leopard geckos (D:4)
  31 orcs
  A ball python (D:1)
  5 giant cockroaches
  5 goblins
  4 hobgoblins
  11 jackals
  6 kobolds
  3 quokkas
  A ball python (shapeshifter) (D:4)
  9 bats
  6 frilled lizards
  A giant cockroach zombie (D:6)
  3 rats (D:8)
  3 plants (D:2)
231 creatures vanquished.

Vanquished Creatures (collateral kills)
  A death yak (D:8)
  An acid dragon (D:6)
  2 water moccasins
  A black bear (D:6)
  A phantom (D:4)
  An ogre (D:6)
  A scorpion (D:5)
  An orc wizard (D:3)
  Natasha (D:2)
  4 orcs
  A quokka (D:8)
15 creatures vanquished.

Vanquished Creatures (others)
  A yak (IceCv)
1 creature vanquished.

Grand Total: 247 creatures vanquished

Notes
Turn   | Place    | Note
-------+----------+-------------------------------------------
     0 | D:1      | tilp the Demonspawn Chaos Knight began the quest for the
                  | Orb.
     0 | D:1      | Reached XP level 1. HP: 18/18 MP: 1/1
    48 | D:1      | XOM: silly message
    75 | D:1      | Reached skill level 3 in Axes
    89 | D:1      | Gained mutation: You have a pair of small horns on your
                  | head. [demonic ancestry]
    89 | D:1      | Reached XP level 2. HP: 20/24 MP: 2/2
   554 | D:2      | Found a blossoming altar of Fedhas.
   598 | D:2      | XOM: potion effect (haste)
   598 | D:2      | Noticed Natasha
   611 | D:2      | Noticed a crimson imp
   612 | D:2      | Gained mutation: A weak demonic guardian rushes to your
                  | aid. [demonic ancestry]
   612 | D:2      | Reached XP level 3. HP: 24/29 MP: 3/3
   615 | D:2      | Killed Natasha
   888 | D:2      | Noticed Natasha
   899 | D:2      | Killed Natasha
   899 | D:2      | Reached skill level 4 in Axes
   899 | D:2      | Gained mutation: You are partially covered in slimy green
                  | scales. (AC +2) [demonic ancestry]
   899 | D:2      | Reached XP level 4. HP: 12/37 MP: 4/4
  1073 | D:2      | XOM: harmless Necr miscast
  1102 | D:2      | Noticed Natasha
  1107 | D:2      | Killed Natasha
  1212 | D:3      | Found a snail-covered altar of Cheibriados.
  1277 | D:3      | Noticed Ijyb
  1504 | D:3      | XOM: harmless Tloc miscast
  1572 | D:3      | Gained mutation: You are slightly more attuned to the
                  | shadows. [demonic ancestry]
  1572 | D:3      | Reached XP level 5. HP: 32/42 MP: 5/5
  1731 | D:3      | Noticed Grinder
  1756 | D:3      | Noticed a centaur
  1762 | D:3      | Killed a centaur
  1762 | D:3      | Reached skill level 5 in Axes
  2062 | D:3      | Reached XP level 6. HP: 42/49 MP: 6/6
  2168 | D:3      | XOM: cloud trail
  2325 | D:3      | XOM: give mutations
  2325 | D:3      | Gained mutation: You are covered in fur. (AC +1) [Xom's
                  | grace]
  2325 | D:3      | Gained mutation: You are somewhat resistant to further
                  | mutation. [Xom's grace]
  2325 | D:3      | Gained mutation: Your spells are a little harder to cast,
                  | but a little more powerful. [Xom's grace]
  2393 | D:4      | XOM: give mutation
  2393 | D:4      | Gained mutation: You can translocate small distances at
                  | will. [Xom's grace]
  2456 | D:4      | Found a staircase to the Ecumenical Temple.
  2465 | D:4      | XOM: enchant monster (good)
  2525 | D:4      | Noticed a water moccasin
  2526 | D:4      | XOM: enchant monster (good)
  2570 | D:4      | Killed a water moccasin
  2570 | D:4      | Reached skill level 5 in Fighting
  2570 | D:4      | Reached skill level 6 in Axes
  2576 | D:4      | Found a bloodstained altar of Trog.
  2752 | D:4      | XOM: give mutations
  2752 | D:4      | Gained mutation: You have a pair of horns on your head.
                  | [Xom's grace]
  2752 | D:4      | Gained mutation: You expend magic power (3 MP) to
                  | strengthen your wands. [Xom's grace]
  2752 | D:4      | Gained mutation: You have a pair of large horns on your
                  | head. [Xom's grace]
  2752 | D:4      | Gained mutation: You have large cloven feet. [Xom's grace]
  2867 | D:4      | Reached XP level 7. HP: 49/56 MP: 7/7
  2949 | D:4      | XOM: give mutations
  2949 | D:4      | Gained mutation: Your spells are harder to cast, but more
                  | powerful. [Xom's grace]
  2949 | D:4      | Gained mutation: Your spells are much harder to cast, but
                  | much more powerful. [Xom's grace]
  2949 | D:4      | Gained mutation: Your muscles are strong. (Str +2) [Xom's
                  | grace]
  2949 | D:4      | Gained mutation: Your mind is acute. (Int +2) [Xom's grace]
  2954 | D:4      | Noticed a glowing shapeshifter
  2954 | D:4      | a gnoll changed into a glowing shapeshifter
  2954 | D:4      | XOM: polymorph gnoll -> glowing shapeshifter
  2954 | D:4      | Noticed a deep troll
  2954 | D:4      | a glowing shapeshifter changed into a deep troll
  2955 | D:4      | Noticed a salamander
  2955 | D:4      | a deep troll changed into a salamander
  3037 | D:4      | XOM: 1-stop teleportation journey
  3069 | D:4      | Found an opulent altar of Gozag.
  3096 | D:5      | Entered Level 5 of the Dungeon
  3161 | D:5      | XOM: mild Tloc miscast
  3642 | D:5      | XOM: give mutations
  3642 | D:5      | Lost mutation: Your muscles are strong. (Str +2) [Xom's
                  | mischief]
  3642 | D:5      | Lost mutation: You expend magic power (3 MP) to strengthen
                  | your wands. [Xom's mischief]
  3667 | D:5      | XOM: mild Hex miscast
  3733 | D:6      | Reached skill level 7 in Axes
  3745 | D:6      | Found a hide-covered altar of Uskayaw.
  4031 | D:6      | Reached XP level 8. HP: 56/64 MP: 8/8
  4034 | D:6      | XOM: enchant monster (bad)
  4118 | D:6      | XOM: cast spell 'Dispersal'
  4205 | D:6      | Reached skill level 8 in Axes
  4245 | D:6      | XOM: polymorph something unseen -> hound
  4319 | D:6      | XOM: divination: magic mapping
  4352 | D:6      | XOM: polymorph gnoll -> hobgoblin
  4450 | D:6      | Found Borey's General Store.
  4460 | D:6      | XOM: divination: detect items
  4464 | D:6      | Noticed a shapeshifter
  4464 | D:6      | an orc warrior changed into a shapeshifter
  4464 | D:6      | a shapeshifter changed into a black bear
  4465 | D:6      | XOM: fog
  4493 | D:6      | XOM: divination: detect items
  4502 | D:6      | Noticed a glowing shapeshifter
  4502 | D:6      | an iguana changed into a glowing shapeshifter
  4502 | D:6      | XOM: potion effect (berserk rage)
  4502 | D:6      | Noticed a shock serpent
  4502 | D:6      | a glowing shapeshifter changed into a shock serpent
  4507 | D:6      | Killed a shock serpent
  4507 | D:6      | Reached skill level 9 in Axes
  4507 | D:6      | Reached XP level 9. HP: 56/72 MP: 9/9
  4733 | D:6      | Bought a scroll of remove curse for 36 gold pieces
  4733 | D:6      | Bought a potion of curing for 36 gold pieces
  4733 | D:6      | Bought a scroll of identify for 24 gold pieces
  4781 | D:6      | Found a sacrificial altar of Ru.
  4936 | D:7      | XOM: god gift: wand of digging (4)
  5026 | D:7      | XOM: polymorph ufetubus -> white imp
  5054 | D:7      | XOM: destruction
  5198 | D:7      | XOM: cleaving
  5204 | D:7      | Reached skill level 10 in Axes
  5224 | D:7      | XOM: summons friendly quasit
  5510 | D:7      | Reached skill level 11 in Axes
  5570 | D:7      | Found Ficeal's General Store.
  5578 | D:7      | Bought a scroll of random uselessness for 14 gold pieces
  5578 | D:7      | Bought a scroll of teleportation for 42 gold pieces
  5705 | D:7      | XOM: give mutations
  5705 | D:7      | Lost mutation: Your spells are much harder to cast, but
                  | much more powerful. [Xom's mischief]
  5705 | D:7      | Gained mutation: You tend to lose your temper in combat.
                  | [Xom's mischief]
  5741 | D:7      | Found a basalt altar of Yredelemnul.
  5763 | D:7      | XOM: noise
  5827 | D:7      | XOM: summons 2 hostile demons
  5932 | D:7      | XOM: 5-stop teleportation journey
  5998 | D:7      | XOM: stat loss: -1 Int (14/15)
  6079 | D:7      | Found a white marble altar of Elyvilon.
  6204 | D:7      | XOM: give mutation
  6204 | D:7      | Lost mutation: Your spells are harder to cast, but more
                  | powerful. [Xom's mischief]
  6315 | D:8      | XOM: swap monsters
  6325 | D:8      | Gained mutation: You are significantly more attuned to the
                  | shadows. [demonic ancestry]
  6325 | D:8      | Reached XP level 10. HP: 36/80 MP: 10/10
  6476 | D:8      | XOM: noise
  6567 | D:8      | Found a runed translucent door.
  6699 | D:8      | XOM: medium Tmut miscast
  6704 | D:8      | Gained mutation: You are weak. (Str -2) [mutagenic glow]
  6721 | D:8      | XOM: enchant monster (good)
  6726 | D:8      | Noticed Joseph
  6727 | D:8      | Noticed a death yak
  6727 | D:8      | Noticed a death yak
  6728 | D:8      | Noticed a death yak
  6743 | D:7      | XOM: give mutations
  6743 | D:7      | Gained mutation: Your flesh is heat resistant. (rF+) [Xom's
                  | grace]
  6743 | D:7      | Gained mutation: You have very sharp teeth. [Xom's grace]
  6855 | D:8      | Gained mutation: You occasionally shout uncontrollably at
                  | your foes. [mutagenic glow]
  6896 | D:8      | XOM: summons 8 friendly demons
  6897 | D:8      | XOM: cast spell 'Summon Dragon'
  6902 | D:8      | Killed a death yak
  6902 | D:8      | Reached skill level 12 in Axes
  6911 | D:8      | XOM: enchant monster (good)
  7053 | D:7      | XOM: give mutations
  7053 | D:7      | Lost mutation: Your spells are a little harder to cast, but
                  | a little more powerful. [Xom's mischief]
  7053 | D:7      | Lost mutation: Your flesh is heat resistant. (rF+) [Xom's
                  | mischief]
  7053 | D:7      | Lost mutation: You are weak. (Str -2) [Xom's mischief]
  7053 | D:7      | Gained mutation: Scrolls take you a little longer to read.
                  | [Xom's mischief]
  7227 | D:7      | XOM: divination: magic mapping
  7230 | D:8      | XOM: confuse monster(s)
  7232 | D:8      | Killed a death yak
  7233 | D:8      | XOM: summons 2 friendly demons
  7235 | D:8      | XOM: potion effect (agility)
  7239 | D:8      | XOM: divination: detect items
  7244 | D:8      | Killed a death yak
  7291 | D:7      | XOM: cloud trail
  7405 | D:8      | Found Elosmow's Demolitions Depot.
  7537 | D:8      | XOM: confuse monster(s)
  7545 | D:8      | Killed Joseph
  7545 | D:8      | Reached skill level 13 in Axes
  7599 | D:8      | Found a staircase to the Lair.
  7678 | D:8      | XOM: silly message
  7908 | D:8      | XOM: harmless Tloc miscast
  8035 | D:9      | XOM: enchant monster (bad)
  8057 | D:9      | XOM: cast spell 'Leda's Liquefaction'
  8253 | D:9      | Found a shadowy altar of Dithmenos.
  8256 | D:9      | XOM: polymorph iron imp -> quasit
  8322 | D:9      | XOM: give mutations
  8322 | D:9      | Gained mutation: You are agile. (Dex +2) [Xom's grace]
  8322 | D:9      | Gained mutation: You are somewhat resistant to both further
                  | mutation and mutation removal. [Xom's grace]
  8322 | D:9      | Gained mutation: You expend magic power (3 MP) to
                  | strengthen your wands. [Xom's grace]
  8358 | D:9      | Found a basalt altar of Yredelemnul.
  8380 | D:9      | XOM: harmless Erth miscast
  8655 | D:9      | XOM: cloud trail
  8696 | D:9      | XOM: medium Erth miscast
  8735 | D:9      | Killed an unseen horror
  8735 | D:9      | Reached XP level 11. HP: 34/85 MP: 11/11
  8980 | D:10     | Entered Level 10 of the Dungeon
  9041 | D:10     | Noticed a two-headed ogre
  9054 | D:10     | XOM: scenery: create altars
  9055 | D:10     | XOM: divination: detect creatures
  9063 | D:10     | Killed a two-headed ogre
  9063 | D:10     | Reached skill level 14 in Axes
  9349 | D:10     | Noticed a two-headed ogre
  9353 | D:10     | Killed a two-headed ogre
  9378 | D:10     | XOM: mild Chrm miscast
  9991 | D:11     | Found a frozen archway.
  9994 | D:11     | XOM: potion effect (agility)
  9997 | D:11     | XOM: harmless Summ miscast
 10040 | IceCv    | Entered an ice cave
 10042 | IceCv    | XOM: divination: detect items
 10047 | IceCv    | XOM: potion effect (invisibility)
 10053 | IceCv    | Reached skill level 15 in Axes
 10115 | IceCv    | XOM: cloud trail
 10465 | IceCv    | XOM: enchant monster (good)
 10467 | IceCv    | XOM: divination: magic mapping
 10467 | IceCv    | Killed from afar by an ice statue

Levels and vault maps discovered:
D:1:      minmay_arrival_open_corners, layout_basic
D:2:      layout_rooms, fedhas_altar_1, uniq_natasha
D:3:      layout_basic, cheibriados_altar_1, first_ration, uniq_grinder,
          uniq_ijyb
D:4:      layout_basic, overflow_temple_1_default, lemuel_doored_altar,
          minmay_temple_entry_gardened_gates
D:5:      layout_loops_cross
D:6:      layout_cave_pools, eat_drink_and_be_merry_uskayaw, serial_shops,
          kennysheep_mini, nicolae_ru_path_of_blood
D:7:      layout_basic, kennysheep_ying_yang, serial_shops,
          nicolae_shop_waterfront
D:8:      layout_cave_pods, dpeg_lair_monsters, ebering_ghost_reflecting_pool,
          grunt_pizzeria, nicolae_blasting_shop, uniq_joseph
D:9:      layout_loops_ring, nicolae_dithmenos_shadow_blocks,
          yredelemnul_altar_generic
D:10:     layout_long_grid
D:11:     layout_cave_pods, portal_ice_cave_entry_ice_beasts
IceCv:    ice_cave_caverns_02

Skill      XL: |  1  2  3  4  5  6  7  8  9 10 11 |
---------------+----------------------------------+-----
Axes           | 3 4 5 6 7 9 11 13 15 | 15.1
Fighting       | 4 5 6 7 8 |  8.0
Armour         | |  1.7
Dodging        | |  0.8

Action                   |  1- 3 |  4- 6 |  7- 9 | 10-12 || total
-------------------------+-------+-------+-------+-------++-------
Melee: Hand axe          |   105 |   123 |   307 |     6 ||   541
       Headbutt          |    17 |    25 |    64 |    69 ||   175
       Kick              |       |     1 |    80 |    87 ||   168
       War axe           |       |       |       |   299 ||   299
       Bite              |       |       |       |    24 ||    24
Throw: Stone             |     4 |     7 |     4 |     2 ||    17
Evoke: Wand              |       |       |       |     3 ||     3
       Lightning rod     |       |       |       |     3 ||     3
  Use: Scroll            |       |     6 |     6 |     7 ||    19
       Potion            |       |     1 |       |     2 ||     3
 Stab: Distracted        |       |     1 |     1 |     1 ||     3
       Sleeping          |       |     1 |     1 |     6 ||     8
       Paralysed         |       |     1 |     3 |       ||     4
       Confused          |       |       |     2 |       ||     2
       Petrifying        |       |       |     1 |       ||     1
  Eat: Chunk             |       |     6 |    11 |    12 ||    29
       Ration            |       |       |       |     1 ||     1
Armor: Leather armour    |    23 |    22 |       |       ||    45
       Scale mail        |       |    28 |    42 |       ||    70
       Ring mail         |       |       |   100 |   104 ||   204
       Chain mail        |       |       |       |    23 ||    23
Dodge: Dodged            |    41 |    47 |   109 |   106 ||   303

Table legend:
 A = Non-vault XP
 B = Vault XP
 C = Vault XP percentage of total XP
 D = Non-vault monster count
 E = Vault monster count
 F = Vault count percentage of total count
                 A         B        C        D         E       F
            +---------+---------+-------+---------+---------+-------
      Total |   12070 |    4931 |  29.0 |     216 |      27 |  11.1
            +---------+---------+-------+---------+---------+-------
        D:1 |      29 |       0 |   0.0 |      14 |       0 |   0.0
        D:2 |      91 |      33 |  26.6 |       9 |       1 |  10.0
        D:3 |     229 |       0 |   0.0 |      25 |       0 |   0.0
        D:4 |     436 |       0 |   0.0 |      17 |       0 |   0.0
        D:5 |     328 |       0 |   0.0 |      13 |       0 |   0.0
        D:6 |    2046 |       0 |   0.0 |      38 |       0 |   0.0
        D:7 |    1993 |       0 |   0.0 |      19 |       0 |   0.0
        D:8 |     805 |    3075 |  79.3 |      26 |      12 |  31.6
        D:9 |    2261 |       0 |   0.0 |      28 |       0 |   0.0
       D:10 |    3726 |       0 |   0.0 |      26 |       0 |   0.0
       D:11 |     126 |    1002 |  88.8 |       1 |       8 |  88.9
      IceCv |       0 |     821 | 100.0 |       0 |       6 | 100.0
            +---------+---------+-------+---------+---------+-------
